 Dungeon Crawl Stone Soup version 0.18.1-48-g4cf74bf (webtiles) character file.

2727 WarriorsX the Protected (level 9, 0/68 HPs)
             Began as a Human Fighter on Aug 3, 2016.
             Slain by an orc warrior
             ... wielding a +0 glaive
              (18 damage)
             ... on level 6 of the Dungeon.
             The game lasted 00:19:47 (8696 turns).

WarriorsX the Protected (Human Fighter)             Turns: 8696, Time: 00:19:48

Health: 0/68       AC: 10    Str: 22    XL:     9   Next: 99%
Magic:  9/9        EV:  8    Int:  8    God:
Gold:   278        SH:  9    Dex: 13    Spells: 0 memorised, 8 levels left

rFire  . . .     SeeInvis +     a - +0 long sword
rCold  . . .     Gourm    .     r - +3 ring mail
rNeg   . . .     Faith    .     c - +0 shield
rPois  .         Spirit   .     g - +1 hat
rElec  .         Dismiss  .     j - +1 cloak
rCorr  .         Reflect  .     (no gloves)
SustAt .         Harm     .     (no boots)
MR     .....     Clarity  +     (no amulet)
Stlth  +.........               (no ring)
                                (no ring)

@: starving, not resistant to hostile enchantments, very unstealthy
A: fangs 1, talons 1, see invisible, clarity, deformed body, strong 1
a: no special abilities


You were on level 6 of the Dungeon.
You were starving.

You visited 2 branches of the dungeon, and saw 8 of its levels.
You also visited: Sewer.

You collected 302 gold pieces.
You spent 24 gold pieces at shops.

Inventory:

Hand Weapons
 a - a +0 long sword (weapon)
 o - a +2 trident of venom
 p - a +4 spear
Armour
 b - a +0 scale mail
 c - a +0 shield (worn)
 g - a +1 hat (worn)
 h - a +0 pair of gloves
 j - a +1 cloak (worn)
 r - a +3 ring mail (worn)
Jewellery
 v - a cursed ring of teleportation {unknown}
Wands
 s - a wand of lightning (3/15)
 x - a wand of polymorph (17/24)
Scrolls
 e - 4 scrolls of amnesia
 m - 2 scrolls of magic mapping
 n - 5 scrolls of identify
 q - 2 scrolls of blinking
 t - a scroll of enchant armour
Potions
 d - a potion of cancellation
 k - 2 potions of agility
 l - 5 potions of curing
 u - 2 potions of heal wounds {unknown}
Comestibles
 f - 2 bread rations
 i - a slice of pizza


   Skills:
 - Level 5.4 Fighting
 - Level 8.8 Long Blades
 + Level 9.1 Armour
 - Level 3.0 Shields


You had 8 spell levels left.
You didn't know any spells.

Dungeon Overview and Level Annotations

Branches:
Dungeon (7/15)             Temple (1/1) D:6

Altars:
Ashenzari
Cheibriados
Dithmenos
Elyvilon
Fedhas
Gozag
Kikubaaqudgha
Makhleb
Okawaru
Pakellas
Qazlal
Ru
Sif Muna
Trog
Vehumet
Xom
Yredelemnul
Zin
The Shining One

Shops:
D:4 (   D:5 *?   D:6 :

Annotations:
D:5 junkhipster's ghost, novice GrFi


Innate Abilities, Weirdness & Mutations

You have very sharp teeth.
You have sharp toenails.
You have supernaturally acute eyesight.
You possess an exceptional clarity of mind.
Armour fits poorly on your strangely shaped body.
Your muscles are strong. (Str +2)


Message History

You barely miss the hungry ghost. Your kick misses the hungry ghost.
The hungry ghost is moderately damaged.
You block the hungry ghost's attack.
The orc warrior hits you from afar with a glaive!
Unknown command.
You barely miss the hungry ghost.
You bite the hungry ghost, but do no damage.
The hungry ghost is moderately damaged.
The hungry ghost closely misses you.
Unknown command.
You miss the hungry ghost. Your bite misses the hungry ghost.
The hungry ghost is moderately damaged.
The orc warrior hits you from afar with a glaive.
* * * LOW HITPOINT WARNING * * *
The hungry ghost barely misses you.
Unknown command.
You closely miss the hungry ghost. Your kick misses the hungry ghost.
The hungry ghost is moderately damaged.
The orc warrior hits you from afar with a glaive!!
You die...

.....#.###.............##..<#####
.....#.# ######........##########
.....#.#### #........# ##≈..##
#....#..P≈############## ##.P≈..#
#....#..≈P...P..≈#########.....PP
#...##...........P.PPP≈P≈PP.....^
'...##..^≈≈≈P.≈.P..........†....≈
#....#...P≈.P#######^PPP...≈....#
#....#..≈.^###..@Wg#######.P≈.≈≈#
#....#.#####...###og.# ###PP###
.....#.#.....### ###.## #####.
....##...###########..####### #.
....#......##.......#.......# #.
....#......##.......#.......# #.
...........''.......#.......# #.
...........##.......##......# #.
####..(.##.....###...#......## #.


You could see a hungry ghost, an orc warrior and 2 gnolls.

Vanquished Creatures
  Pikel (D:6)
  Eustachio (D:4)
  A steam dragon (D:6)
  Menkaure (D:5)
  A slave (D:6)
  2 sky beasts
  An ogre (D:7)
  3 centaurs (D:6)
  5 big kobolds (Sewer)
  A scorpion (D:7)
  A vampire bat (D:3)
  2 crimson imps
  2 hounds (D:7)
  4 orc priests
  5 orc wizards
  4 worker ants
  12 gnolls
  2 river rats (Sewer)
  9 adders
  2 shadow imps
  7 oozes
  7 worms
  4 dart slugs
  3 fire bats (D:3)
  9 giant geckos
  18 orcs
  2 spectral bats (D:3)
  3 bat skeletons (D:3)
  A bat zombie (D:3)
  10 giant cockroaches
  10 goblins
  12 hobgoblins
  16 jackals
  6 quokkas
  9 ball pythons
  21 bats
  A bat simulacrum (D:3)
  A giant gecko skeleton (D:4)
  4 giant newts
  A jackal skeleton (D:6)
  8 kobolds
  15 rats
  A spectral orc (D:7)
229 creatures vanquished.

Vanquished Creatures (others)
  A black bear (D:6)
  2 slaves (D:6)
  An orc wizard (D:6)
  An adder (D:6)
  A jackal skeleton (D:6)
6 creatures vanquished.

Grand Total: 235 creatures vanquished

Notes
Turn   | Place    | Note
--------------------------------------------------------------
     0 | D:1      | WarriorsX the Human Fighter began the quest for the Orb.
     0 | D:1      | Reached XP level 1. HP: 18/18 MP: 1/1
    93 | D:1      | Reached XP level 2. HP: 18/24 MP: 2/2
   180 | D:1      | Reached XP level 3. HP: 17/29 MP: 3/3
   411 | D:1      | Reached XP level 4. HP: 26/37 MP: 4/4
  1015 | D:2      | Found a snail-covered altar of Cheibriados.
  1194 | D:2      | Reached XP level 5. HP: 39/43 MP: 5/5
  2073 | D:3      | Gained mutation: You are surrounded by a mild repulsion field (EV +2). [potion of beneficial mutation]
  2125 | D:3      | Reached skill level 5 in Fighting
  2212 | D:3      | Reached XP level 6. HP: 45/51 MP: 6/6
  2221 | D:3      | Found an oddly glowing altar of Pakellas.
  2839 | D:3      | Found an iron altar of Okawaru.
  2963 | D:3      | Reached skill level 5 in Long Blades
  3131 | D:3      | Reached XP level 7. HP: 46/56 MP: 7/7
  3297 | D:4      | Found an ancient bone altar of Kikubaaqudgha.
  3726 | D:4      | Found a white marble altar of Elyvilon.
  3729 | D:4      | Noticed Eustachio
  3804 | D:4      | Lost mutation: You are surrounded by a mild repulsion field (EV +2). [potion of cure mutation]
  3874 | D:4      | Killed Eustachio
  3874 | D:4      | Reached XP level 8. HP: 38/63 MP: 8/8
  3907 | D:4      | Found Qyrigyep's Weapon Boutique.
  3964 | D:4      | Found a glowing drain.
  3973 | Sewer    | Entered a sewer
  4048 | Sewer    | HP: 2/63 [river rat (6)]
  5432 | D:5      | Entered Level 5 of the Dungeon
  5525 | D:5      | Noticed junkhipster's ghost (novice GrFi)
  5740 | D:5      | Found Romn's General Store.
  5743 | D:5      | Bought 2 potions of degeneration for 24 gold pieces
  5756 | D:5      | Noticed Menkaure
  5766 | D:5      | Killed Menkaure
  5766 | D:5      | Reached skill level 4 in Armour
  5811 | D:5      | Found Ruaxkeoz's Magic Scroll Emporium.
  5850 | D:5      | Found an opulent altar of Gozag.
  6108 | D:6      | Reached skill level 5 in Armour
  6108 | D:6      | Reached XP level 9. HP: 60/68 MP: 9/9
  6127 | D:6      | Found a staircase to the Ecumenical Temple.
  6215 | Temple   | Entered the Ecumenical Temple
  6299 | D:6      | Found Biuguel's Book Boutique.
  6801 | D:6      | Noticed Pikel
  6824 | D:6      | Killed Pikel
  6824 | D:6      | Reached skill level 7 in Armour
  7086 | D:6      | Found a deep blue altar of Sif Muna.
  7283 | D:6      | Reached skill level 8 in Armour
  7287 | D:6      | Gained mutation: You possess an exceptional clarity of mind. [mutagenic meat]
  7288 | D:6      | Gained mutation: You have sharp toenails. [mutagenic meat]
  7290 | D:6      | Gained mutation: You have very sharp teeth. [mutagenic meat]
  7291 | D:6      | Gained mutation: Your muscles are strong. (Str +2) [mutagenic meat]
  7292 | D:6      | Gained mutation: You have supernaturally acute eyesight. [mutagenic meat]
  7507 | D:7      | HP: 3/68 [black bear (2)]
  7932 | D:7      | Lost mutation: You possess an exceptional clarity of mind. [potion of mutation]
  7932 | D:7      | Gained mutation: Armour fits poorly on your strangely shaped body. [potion of mutation]
  7932 | D:7      | Gained mutation: You possess an exceptional clarity of mind. [potion of mutation]
  8005 | D:7      | Found a basalt altar of Yredelemnul.
  8309 | D:7      | Reached skill level 9 in Armour
  8696 | D:6      | Slain by an orc warrior

Skill      XL: |  1  2  3  4  5  6  7  8  9 |
---------------+----------------------------+-----
Fighting       | 4 5 |  5.4
Long Blades    | 3 4 5 7 8 |  8.8
Armour         | 5 9 |  9.1
Shields        | |  3.0

Action                   |  1- 3 |  4- 6 |  7- 9 || total
-------------------------+-------+-------+-------++-------
Melee: Long sword        |   133 |   413 |   618 ||  1164
       Kick              |       |       |    22 ||    22
       Bite              |       |       |     6 ||     6
Evoke: Wand              |       |       |     1 ||     1
  Use: Potion            |     2 |     4 |    10 ||    16
       Scroll            |       |       |     6 ||     6
  Eat: Chunk             |       |     8 |    25 ||    33
       Pizza             |       |       |     1 ||     1
Armor: Scale mail        |    99 |   280 |    30 ||   409
       Ring mail         |       |       |   262 ||   262
       Skin              |       |       |    30 ||    30
Dodge: Dodged            |    65 |   246 |   236 ||   547
Block: Shield            |    81 |   300 |   306 ||   687
